 Dungeon Crawl Stone Soup version 0.29.1-12-g30fa7ad0bf (webtiles) character file.

Game seed: 11703555711135915812

183 wormed the Covered (level 5, -4/33 HPs)
             Began as a Gargoyle Fighter on Dec 20, 2022.
             Killed by divine providence
             ... invoked by an orc priest
              (16 damage)
             ... on level 4 of the Dungeon.
             The game lasted 00:05:57 (3608 turns).

wormed the Covered (Gargoyle Fighter)               Turns: 3608, Time: 00:05:57

Health: -4/33      AC: 22    Str: 21    XL:     5   Next: 62%
Magic:  5/5        EV:  5    Int:  9    God:
Gold:   136        SH:  4    Dex:  9    Spells: 4/4 levels left

rFire   . . .      SeeInvis .   d - +3 flail (protect)
rCold   . . .      Faith    .   c - +0 buckler
rNeg    + . .      Spirit   .   e - +0 plate armour
rPois   ∞          Reflect  .   (no helmet)
rElec   +          Harm     .   (no cloak)
rCorr   .          Rampage  .   (no gloves)
Will    .....                   (no boots)
Stlth   ..........              (no amulet)
HPRegen 0.11/turn               (no ring)
MPRegen 0.09/turn               (no ring)

@: under a protective aura
A: sickness immunity, AC +4, negative energy resistance 1, electricity
resistance, torment resistance 1, petrification resistance
a: no special abilities


You were on level 4 of the Dungeon.
You visited 1 branch of the dungeon, and saw 4 of its levels.

You collected 136 gold pieces.

Inventory:

Hand Weapons
 d - a +3 flail of protection (weapon)
Armour
 c - a +0 buckler (worn)
 e - a +0 plate armour (worn)
Jewellery
 h - a ring of ice
Scrolls
 a - 2 scrolls of amnesia
 f - a scroll of fear {unknown}
 j - a scroll of enchant weapon
 m - 2 scrolls of identify
Potions
 b - 2 potions of heal wounds
 g - 4 potions of lignification {unknown}
 i - a potion of brilliance {unknown}
 p - a potion of curing {unknown}
 q - a potion of magic {unknown}
 r - a potion of degeneration {unknown}


   Skills:
 + Level 4.2 Fighting
 * Level 3.8 Maces & Flails
 + Level 4.2 Armour
 + Level 4.2 Shields


You had 4 spell levels left.
You didn't know any spells.
Your spell library was empty.

Dungeon Overview and Level Annotations

Branches:
Dungeon (4/15)
 Temple: D:4-7

Altars:
Fedhas
Trog


Innate Abilities, Weirdness & Mutations

You are immune to sickness and miasma.
Your stone body is resilient. (AC +4)
You are immune to poison.
You resist negative energy. (rN+)
You are resistant to electric shocks. (rElec)
You are resistant to unholy torment.
You are immune to petrification.


Message History

The quokka is heavily wounded.
The quokka bites you but does no damage. x2
You sock the quokka!
You kill the quokka!
No target in view!
Found a stone staircase leading up. 2 orcs come into view.
The orc shouts!
There are monsters nearby!
An orc comes into view. It is wielding a +0 short sword.
An orc priest and an orc come into view.
The orc shouts!
The orc priest shouts!
The orc shouts!
The orc priest moves out of view.
The orc hits you but does no damage.
You hit the orc.
Your weapon exudes an aura of protection.
The orc is heavily wounded.
The orc hits you but does no damage.
You sock the orc!
You kill the orc!
The orc hits you but does no damage. x2
You barely miss the orc priest. You block the orc's attack.
The orc priest invokes the aid of Beogh against you.
Beogh smites you! The orc barely misses you.
You hit the orc priest.
The orc priest is heavily wounded.
The orc hits you but does no damage. x2
The orc priest hits you with a +0 war axe.
The orc hits you but does no damage.
You are too injured to fight recklessly!
You are too injured to fight recklessly!
The orc priest attacks as you move away!
The orc priest hits you with a +0 war axe.
The orc barely misses you. The orc hits you but does no damage.
You closely miss the orc priest.
The orc priest is heavily wounded.
The orc hits you but does no damage. x2
The orc priest invokes the aid of Beogh against you.
Beogh smites you!
You die...

#...<.###.......
#.....###..........
##.....#...........
#..#..............
###...#...###.....
##.........<#......
#....#.............
##..##...#.........
######..##@o......
#.###oo.#.... ###
#o.....#. #.....##
..##..# .## .... ..
.... #. ##.# ## ##


You could see an orc priest and 3 orcs.

Vanquished Creatures
  A jelly (D:4)
  An iguana (D:4)
  Terence (D:3)
  2 adders (D:2)
  A worm (D:2)
  3 dart slugs
  3 orcs
  6 ball pythons
  3 endoplasms
  4 giant cockroaches
  11 goblins
  6 hobgoblins
  3 quokkas
  8 bats
  6 frilled lizards
  9 kobolds
  7 rats
75 creatures vanquished.

Notes
Turn   | Place    | Note
-------+----------+-------------------------------------------
     0 | D:1      | wormed the Gargoyle Fighter began the quest for the Orb.
     0 | D:1      | Reached XP level 1. HP: 14/14 MP: 1/1
   130 | D:1      | Reached XP level 2. HP: 19/19 MP: 2/2
   454 | D:1      | Reached XP level 3. HP: 11/23 MP: 3/3
  1715 | D:2      | Reached XP level 4. HP: 29/29 MP: 4/4
  1993 | D:2      | Found a bloodstained altar of Trog.
  2202 | D:3      | Found a blossoming altar of Fedhas.
  2203 | D:3      | Identified the +1 robe of Nuus {Harm rC+ Slay+6}
  2288 | D:3      | Found a faded altar of an unknown god.
  2712 | D:3      | Noticed Terence
  2750 | D:3      | Killed Terence
  2751 | D:3      | Reached XP level 5. HP: 5/33 MP: 5/5
  3608 | D:4      | Killed from afar by an orc priest

Illustrated notes

Levels and vault maps discovered:
D:1:      lightli_arrival_noodles, layout_rooms
D:2:      layout_basic, basic_altar
D:3:      layout_basic, mainiacjoe_overflow_cross_hatched,
          dreamdust_ecumenical_altar_statues, wad_floor_pattern_2,
          grunt_decor_cap, uniq_terence
D:4:      layout_cave_pools, mainiacjoe_overflow_brackets,
          amcnicky_altar_gilded, minmay_temple_entry_offerings

Skill      XL: |  1  2  3  4 |
---------------+-------------+-----
Maces & Flails | 3 |  3.8
Fighting       | 4 |  4.2
Armour         | 4 |  4.2
Shields        | 4 |  4.2

Action                   |  1- 3 |  4- 6 || total
-------------------------+-------+-------++-------
Melee: Flail             |    24 |    33 ||    57
       Whip              |   184 |   141 ||   325
  Use: Potion            |       |     1 ||     1
       Scroll            |       |     7 ||     7
Armor: Scale mail        |   106 |       ||   106
       Chain mail        |       |    87 ||    87
       Plate armour      |       |    21 ||    21
Dodge: Dodged            |    94 |    54 ||   148
Block: Buckler           |    48 |    39 ||    87
